 Dungeon Crawl Stone Soup version 0.30-a0-1043-g60ff8d5f49 (webtiles) character file.

Game seed: 2084277675762629492

27 cheesebisquit the Ruffian (level 2, 0/25 HPs)
             Began as a Troll Gladiator on Apr 10, 2023.
             Succumbed to a kobold's poison
             ... on level 1 of the Dungeon.
             The game lasted 00:02:28 (897 turns).

cheesebisquit the Ruffian (Troll Gladiator)          Turns: 897, Time: 00:02:29

Health: 0/25       AC:  4    Str: 21    XL:     2   Next: 93%
Magic:  1/1        EV: 10    Int:  4    God:
Gold:   35         SH:  0    Dex: 11    Spells: 1/1 levels left

rFire   + . .      SeeInvis .      - Unarmed
rCold   + . .      Faith    .    (no shield)
rNeg    . . .      Spirit   .    a - +0 robe
rPois   +          Reflect  .    b - +0 hat
rElec   +          Rampage  .    (no cloak)
rCorr   +                        (gloves unavailable)
Will    .....                    (boots unavailable)
Stlth   +                        (no amulet)
HPRegen 1.04/turn                (no ring)
MPRegen 0.07/turn                (no ring)

@: mighty, brilliant, lethally poisoned (0 -> -1), resistant, attractive
A: large, unfitting armour, claws 3, regeneration 1, shaggy fur 1, tough skin 1,
frail 1, high MP 1
a: no special abilities


You were on level 1 of the Dungeon.
You visited 1 branch of the dungeon, and saw 2 of its levels.

You collected 35 gold pieces.

Inventory:

Missiles
 c - 3 throwing nets (quivered)
 d - a large rock
Armour
 a - a +0 robe (worn)
 b - a +0 hat (worn)
Scrolls
 g - a scroll of identify {unknown}
 i - a scroll of teleportation {unknown}
Potions
 e - 3 potions of might


   Skills:
 + Level 1.9 Fighting
 + Level 2.1 Throwing
 - Level 2.4 Dodging
 * Level 3.6 Unarmed Combat


You had one spell level left.
You didn't know any spells.
Your spell library was empty.

Dungeon Overview and Level Annotations

Branches:
Dungeon (2/15)

Altars:


Innate Abilities, Weirdness & Mutations

You are too large for most types of armour.
You have claws for hands.
Your natural rate of healing is unusually fast.
You are covered in fur. (AC +1)
You have tough skin. (AC +1)
You are frail. (-10% HP)
You have an increased reservoir of magic. (+10% MP)


Message History

You miss the kobold. You claw the kobold.
The kobold is severely wounded.
You feel very sick.
You barely miss the kobold.
The kobold is severely wounded.
You feel sick.
The kobold hits you with a +2 short sword of venom.
You are more poisoned.
You closely miss the kobold.
The kobold is severely wounded.
You feel very sick. The kobold barely misses you.
You barely miss the kobold.
The kobold is severely wounded.
You feel very sick. The kobold hits you but does no damage.
You are lethally poisoned!
You scratch the kobold.
You kill the kobold!
* * * LOW HITPOINT WARNING * * *
You feel very sick.
It was a potion of might.
You feel very mighty all of a sudden.
* * * LOW HITPOINT WARNING * * *
You feel very sick.
It was a potion of attraction.
You feel attractive to monsters.
* * * LOW HITPOINT WARNING * * *
You feel very sick.
It was a potion of brilliance.
You feel clever all of a sudden.
* * * LOW HITPOINT WARNING * * *
You feel sick.
It was a potion of mutation.
You feel extremely strange.
You feel frail.
You feel more energetic.
* * * LOW HITPOINT WARNING * * *
You feel sick.
It was a potion of resistance.
You feel protected.
You die...

+#### ####'### #.#..#.# ....#
#....# #......# ....# #....#
#..######### ....# #....##
#........... ....# ####..#
##...######## ....#
##.#####....#....... ....#
#........#.#.###### ....#
#).#####.#.#...#...
###############)@# #.#.#.#.#.#.
.................# #.#.#.#.#.#.
.................# #.#.#.#.#.#.
........^........# #.#.#.#.#.#.
.................# #.#.....#.##
................######.....#.#...
..†...############.........######
......# #.........'..... ......#
#.........######


There were no monsters in sight!

Vanquished Creatures
  A dart slug (D:1)
  4 bats (D:1)
  An endoplasm (D:1)
  2 goblins (D:1)
  A hobgoblin (D:1)
  4 kobolds (D:1)
  4 quokkas (D:1)
  2 ball pythons (D:1)
  A frilled lizard (D:1)
  3 rats (D:1)
23 creatures vanquished.

Notes
Turn   | Place    | Note
-------+----------+-------------------------------------------
     0 | D:1      | cheesebisquit the Troll Gladiator began the quest for the
                  | Orb.
     0 | D:1      | Reached XP level 1. HP: 19/19 MP: 0/0
   105 | D:1      | Reached XP level 2. HP: 28/28 MP: 1/1
   896 | D:1      | Gained mutation: You are frail. (-10% HP) [potion of
                  | mutation]
   896 | D:1      | Gained mutation: You have an increased reservoir of magic.
                  | (+10% MP) [potion of mutation]
   896 | D:1      | HP: 1/25 [poisoned by a kobold]
   897 | D:1      | Succumbed to a kobold's poison

Illustrated notes

Levels and vault maps discovered:
D:1:      dpeg_arrival_rooms_b, layout_basic
D:2:      cheibrodos_fertilizer, layout_loops_corners

Skill      XL: |  1 |
---------------+----+-----
Throwing       | 2 |  2.1
Fighting       | |  1.9
Dodging        | |  2.4
Unarmed Combat | |  3.6

Action                     || total
---------------------------++-------
  Melee: Unarmed           ||    54
         Punch             ||     1
  Throw: Throwing net      ||     2
    Use: Potion            ||     5
   Stab: Sleeping          ||     2
         Held in net/web   ||     1
 Armour: Robe              ||    19
  Dodge: Dodged            ||    24

Table legend: (Time is in decaauts)
 A = Elapsed time spent in this place.
 B = Non-inter-level travel time spent in this place.
 C = Inter-level travel time spent in this place.
 D = Time resting spent in this place.
 E = Time spent auto-exploring this place.
 F = Levels seen in this place.
 G = Mean time per level.
                   A        B        C        D        E       F      G
               +--------+--------+--------+--------+--------+-----+--------+
         Total |    893 |    880 |     13 |      0 |    734 |   2 |  446.5 |
       Dungeon |    893 |    880 |     13 |      0 |    734 |   2 |  446.5 |
               +--------+--------+--------+--------+--------+-----+--------+

Top non-repeatable levels by time:
     D:1: 883 daAuts
     D:2: 9 daAuts
